 Dungeon Crawl Stone Soup version 0.17.1-2-g5865329 (webtiles) character file.

110 Rationalist the Chopper (level 4, -8/35 HPs)
             Began as a Demonspawn Berserker on Jan 20, 2016.
             Was a Believer of Trog.
             Killed from afar by an orc wizard (10 damage)
             ... with a puff of frost
             ... on level 3 of the Dungeon.
             The game lasted 00:03:08 (2300 turns).

Rationalist the Chopper (Demonspawn Berserker)      Turns: 2300, Time: 00:03:08

Health: -8/35      AC:  3    Str: 17    XL:     4   Next: 61%
Magic:  0/4        EV: 13    Int:  8    God:    Trog [**....]
Gold:   96         SH:  0    Dex: 14    Spells: 0 memorised, 3 levels left

rFire  . . .     SeeInvis .     a - +0 hand axe
rCold  . . .     Clarity  .     f - +0 robe
rNeg   . . .     SustAt   .     (no shield)
rPois  .         Gourm    .     (helmet restricted)
rElec  .         Spirit   +     (no cloak)
rCorr  .         Warding  .     (no gloves)
rMut   .         Stasis   .     (no boots)
MR     .....                    d - amulet of guardian spirit
Stlth  +.........               (no ring)
                                (no ring)

@: not resistant to hostile enchantments, very unstealthy
A: horns 1, molten scales 1
a: Berserk, Trog's Hand, Burn Spellbooks, Renounce Religion


You were on level 3 of the Dungeon.
You worshipped Trog.
Trog was pleased with you.
You were very hungry.

You visited 1 branch of the dungeon, and saw 3 of its levels.

You collected 96 gold pieces.

Inventory:

Hand Weapons
 a - a +0 hand axe (weapon)
Missiles
 i - 22 bolts
Armour
 f - a +0 robe (worn)
Jewellery
 d - an amulet of guardian spirit (around neck)
Scrolls
 e - a scroll of enchant weapon {unknown}
 g - 2 scrolls of identify {unknown}
 h - 3 scrolls of teleportation {unknown}
 l - a scroll of noise {unknown}
 m - 4 scrolls of amnesia {unknown}
Comestibles
 c - 2 bread rations
 j - 5 fruits


   Skills:
 + Level 3.5 Fighting
 + Level 3.6 Axes
 + Level 1.8 Armour
 + Level 3.1 Dodging
 + Level 0.2 Stealth


You had 3 spell levels left.
You didn't know any spells.

Dungeon Overview and Level Annotations

Branches:
Dungeon (3/15)

Altars:
Vehumet


Innate Abilities, Weirdness & Mutations

You have a pair of small horns on your head.
You are partially covered in molten scales (AC +1).


Message History

You barely miss the orc wizard. Your headbutt misses the orc wizard.
The orc wizard is heavily wounded.
The orc wizard hits you with an enchanted dagger.
* * * LOW HITPOINT WARNING * * *
You barely miss the orc wizard.
The orc wizard is heavily wounded.
The orc wizard completely misses you. The orc wizard closely misses you.
You're too hungry to go berserk.
You miss the orc wizard.
The orc wizard is heavily wounded.
The orc wizard gestures at you while chanting.
The puff of flame hits you!
* * * LOW HITPOINT WARNING * * *
The orc wizard hits you with an enchanted dagger.
You barely miss the orc wizard.
You headbutt the orc wizard, but do no damage.
The orc wizard is heavily wounded.
The orc wizard casts a spell at you. The puff of frost hits you!
You die...

....... .# #.
....... ....
.....# .#. ....#
.. #..# .#
#..##.# #.....#.#
#@.<...#
.......o.)..(....
...##############


You could see an orc wizard.

Vanquished Creatures
  3 gnolls (D:2)
  3 adders
  3 worms (D:2)
  A giant gecko (D:1)
  3 orcs (D:3)
  2 bats (D:1)
  3 giant cockroaches
  2 goblins
  7 hobgoblins
  A jackal (D:2)
  4 kobolds (D:2)
  A quokka (D:2)
  2 giant newts
  7 rats
42 creatures vanquished.

Notes
Turn   | Place    | Note
--------------------------------------------------------------
     0 | D:1      | Rationalist the Demonspawn Berserker began the quest for the Orb.
     0 | D:1      | Reached XP level 1. HP: 18/18 MP: 1/1
   173 | D:1      | Gained mutation: You are partially covered in molten scales (AC +1). [demonic ancestry]
   173 | D:1      | Reached XP level 2. HP: 18/24 MP: 2/2
   481 | D:1      | Reached XP level 3. HP: 9/29 MP: 1/3
   498 | D:1      | HP: 1/29 [poisoned by an adder]
  1264 | D:2      | Reached ** piety under Trog
  1716 | D:2      | Gained mutation: You have a pair of small horns on your head. [demonic ancestry]
  1716 | D:2      | Reached XP level 4. HP: 35/35 MP: 4/4
  1796 | D:2      | Found a radiant altar of Vehumet.
  2300 | D:3      | Killed from afar by an orc wizard

Action                   |  1- 3 |  4- 6 || total
-------------------------+-------+-------++-------
Melee: Hand axe          |   128 |    47 ||   175
Invok: Berserk           |     2 |       ||     2
       Trog's Hand       |     1 |       ||     1
  Use: Potion            |     1 |     2 ||     3
 Stab: Sleeping          |       |     2 ||     2
  Eat: Chunk             |     2 |     2 ||     4
       Beef jerky        |     1 |       ||     1
